 Dungeon Sprint DCSS version 0.26-a0-1213-gd52f5182fe (webtiles) character file.

Game seed: 7270859891484273905

8066 rocky1 the Blocker (level 11, 0/76 HPs)
             Began as a Gargoyle Fighter on Dec 31, 2020.
             Was a High Priest of Sif Muna.
             Slain by a nagaraja (3 damage)
             ... in the Dungeon (Sprint VII: "The Pits").
             The game lasted 00:10:41 (2314 turns).

rocky1 the Blocker (Gargoyle Fighter)               Turns: 2314, Time: 00:10:41

Health: 0/76       AC: 30    Str: 23    XL:     11   Next: 25%
Magic:  16/16      EV: 13    Int: 12    God:    Sif Muna [*****.]
Gold:   0          SH: 13    Dex: 12    Spells: 8/17 levels left

rFire    . . .     SeeInvis .   b - +2 morningstar (protect)
rCold    . . .     Faith    .   c - +0 kite shield
rNeg     + . .     Spirit   .   w - +5 ring mail
rPois    ∞         Reflect  .   u - +0 helmet
rElec    +         Harm     .   (no cloak)
rCorr    .         Rampage  .   v - +0 pair of gloves
Will     .....     NoTele   +   (no boots)
Stlth    +.........             (no amulet)
HPRegen  0.22/turn              d - +3 ring of strength
MPRegen  0.15/turn              r - +3 ring of dexterity

@: protection aura, constricted
A: negative energy resistance 1, electricity resistance, unbreathing,
petrification resistance, miasma immunity, AC +8
a: Renounce Religion, Channel Magic, Forget Spell, Divine Exegesis


You were in the Dungeon.
You worshipped Sif Muna.
Sif Muna was extremely pleased with you.
You visited 1 branch

Inventory:

Hand Weapons
 b - a +2 morningstar of protection (weapon)
Missiles
 a - 10 stones (quivered)
 x - a javelin
Armour
 c - a +0 kite shield (worn)
 q - a +0 troll leather armour {Purgy}
 u - a +0 helmet (worn)
 v - a +0 pair of gloves (worn)
 w - a +5 ring mail (worn)
Jewellery
 d - a +3 ring of strength (left hand)
 r - a +3 ring of dexterity (right hand)
Wands
 o - a wand of random effects (11)
Scrolls
 j - a scroll of blinking
 l - 3 scrolls of remove curse
 m - 5 scrolls of amnesia
 n - a scroll of summoning
Potions
 e - 5 potions of curing
 f - 3 potions of heal wounds
 g - 3 potions of haste
 h - 4 potions of magic
 k - a potion of invisibility
 p - a potion of attraction {unknown}
 s - a potion of might
 t - 2 potions of resistance


   Skills:
 + Level 12.2 Fighting
 + Level 13.0 Maces & Flails
 + Level 11.2 Armour
 + Level 10.2 Dodging
 + Level 13.4 Shields
 - Level 3.8 Spellcasting
 - Level 7.7 Earth Magic


You had 8 spell levels left.
You knew the following spells:

 Your Spells              Type           Power        Failure   Level
a - Sandblast             Erth           40%          1%          1
b - Stone Arrow           Conj/Erth      22%          24%         3
c - Bolt of Magma         Conj/Fire/Erth 4%           98%         5

Your spell library contained the following spells:

 Spells                   Type           Power        Failure   Level
 Passwall                 Tmut/Erth      9%           12%         2
 Animate Skeleton         Necr           4%           36%         1
 Beastly Appendage        Tmut           4%           36%         1
 Foxfire                  Conj/Fire      8%           36%         1
 Magic Dart               Conj           8%           36%         1
 Sting                    Tmut/Pois      8%           36%         1
 Summon Small Mammal      Summ           8%           36%         1
 Ensorcelled Hibernation  Hex/Ice        4%           52%         2
 Dazzling Flash           Conj/Hex       4%           75%         3
 Portal Projectile        Hex/Tloc       4%           75%         3
 Summon Guardian Golem    Hex/Summ       2%           75%         3
 Summon Ice Beast         Ice/Summ       2%           98%         4
 Summon Lightning Spire   Summ/Air       2%           98%         4
 Irradiate                Conj/Tmut      1%           100%        5
 Iskenderun's Battlesphe  Conj           2%           100%        5
 Shadow Creatures         Summ           N/A          100%        6
 Summon Greater Demon     Summ           1%           100%        7


Dungeon Overview and Level Annotations

Branches:
Dungeon (1/1)

Altars:
Ashenzari
Cheibriados
Dithmenos
Elyvilon
Fedhas
Gozag
Hepliaklqana
Kikubaaqudgha
Makhleb
Nemelex Xobeh
Okawaru
Qazlal
Ru
Sif Muna
Trog
Uskayaw
Vehumet
Wu Jian
Xom
Yredelemnul
Zin
The Shining One
Beogh
Jiyva
Lugonu


Innate Abilities, Weirdness & Mutations

You are resistant to torment.
Your stone body is resilient. (AC +8)
You are immune to poison.
You resist negative energy. (rN+)
You are resistant to electric shocks. (rElec)
You can survive without breathing.
You are immune to petrification.
You are immune to miasma.


Message History

The nagaraja spits poison at you. You block the splash of poison.
The nagaraja constricts you.
You puncture the nagaraja!
The nagaraja is almost dead.
You block the nagaraja's attack. The nagaraja constricts you.
The nagaraja hits you!
* * * LOW HITPOINT WARNING * * *
The nagaraja constricts you.
Unknown command.
You feel better.
The nagaraja hits you but does no damage.
The nagaraja constricts you.
Unknown command.
You closely miss the nagaraja.
The nagaraja is almost dead.
The nagaraja is no longer moving quickly.
The nagaraja hits you but does no damage.
* * * LOW HITPOINT WARNING * * *
The nagaraja constricts you. The nagaraja hits you.
You die...

.##..##.##...##...##
.##..####.....##.##
.##...##......#...#
###.[..'......+...+
###...##......#...#
[##..####.....##.##
.##..##.##...##...## #
)##..##..##.##.....#...#
)##..# #..#†#...@N....#
)##..# #......###...##
###### ######## ###


You could see a nagaraja.

Vanquished Creatures
  A naga warrior (D)
  A vampire mage (D)
  Urug (D)
  A naga ritualist (D)
  A flayed ghost (D)
  2 sea snakes (D)
  A manticore (D)
  A naga mage (D)
  A rime drake (D)
  A hellwing (D)
  A merfolk (D)
  3 blink frogs (D)
  A snapping turtle (D)
  Eustachio (D)
  4 yaks (D)
  4 vampire mosquitoes (D)
  An acid dragon (D)
  Purgy (D)
  3 floating eyes (D)
  An eye of draining (D)
  A phantom (D)
  A sky beast (D)
  A necrophage (D)
  A centaur (D)
  A gnoll sergeant (D)
  An orc priest (D)
  An iguana (D)
  2 gnolls (D)
  A river rat (D)
  An ufetubus (D)
  An ooze (D)
  A worm (D)
  2 orcs (D)
  2 giant cockroaches (D)
  2 hobgoblins (D)
  A ball python (D)
  2 rats (D)
53 creatures vanquished.

Vanquished Creatures (others)
  2 yaks (D)
2 creatures vanquished.

Grand Total: 55 creatures vanquished

Notes
Turn   | Place    | Note
-------+----------+-------------------------------------------
     0 | D        | rocky1 the Gargoyle Fighter began the quest for the Orb.
     0 | D        | Reached XP level 1. HP: 14/14 MP: 1/1
    11 | D        | Noticed a floating eye
    16 | D        | Killed a floating eye
    17 | D        | Reached XP level 2. HP: 23/23 MP: 2/2
    17 | D        | Reached XP level 3. HP: 28/28 MP: 3/3
    17 | D        | Reached XP level 4. HP: 32/32 MP: 4/4
   121 | D        | Found a bloodstained altar of Trog.
   121 | D        | Found a shimmering blue altar of Sif Muna.
   121 | D        | Found a viscous altar of Jiyva.
   121 | D        | Found a hazy altar of Hepliaklqana.
   121 | D        | Found an opulent altar of Gozag.
   122 | D        | Found a glowing golden altar of the Shining One.
   122 | D        | Found a glowing silver altar of Zin.
   122 | D        | Found a basalt altar of Yredelemnul.
   122 | D        | Found a shimmering altar of Xom.
   122 | D        | Found an ornate altar of the Wu Jian Council.
   122 | D        | Found a sacrificial altar of Ru.
   122 | D        | Found a stormy altar of Qazlal.
   122 | D        | Found an iron altar of Okawaru.
   122 | D        | Found a sparkling altar of Nemelex Xobeh.
   122 | D        | Found a burning altar of Makhleb.
   122 | D        | Found a blossoming altar of Fedhas.
   122 | D        | Found a white marble altar of Elyvilon.
   122 | D        | Found a shadowy altar of Dithmenos.
   122 | D        | Found a snail-covered altar of Cheibriados.
   124 | D        | Found a radiant altar of Vehumet.
   124 | D        | Found a corrupted altar of Lugonu.
   124 | D        | Found a roughly hewn altar of Beogh.
   125 | D        | Found a hide-covered altar of Uskayaw.
   125 | D        | Found an ancient bone altar of Kikubaaqudgha.
   125 | D        | Found a broken altar of Ashenzari.
   127 | D        | Became a worshipper of Sif Muna the Loreminder
   177 | D        | Noticed a floating eye
   180 | D        | Reached * piety under Sif Muna
   183 | D        | Paralysed by a floating eye for 4 turns
   187 | D        | Killed a floating eye
   188 | D        | Reached XP level 5. HP: 38/38 MP: 5/5
   212 | D        | Reached ** piety under Sif Muna
   296 | D        | Noticed a sky beast
   303 | D        | Reached XP level 6. HP: 43/44 MP: 6/6
   324 | D        | Killed a sky beast
   324 | D        | Reached *** piety under Sif Muna
   325 | D        | Reached skill level 5 in Maces & Flails
   328 | D        | Noticed a floating eye
   329 | D        | Paralysed by a floating eye for 3 turns
   335 | D        | Paralysed by a floating eye for 2 turns
   338 | D        | Paralysed by a floating eye for 2 turns
   341 | D        | Killed a floating eye
   346 | D        | Reached **** piety under Sif Muna
   372 | D        | Reached XP level 7. HP: 50/50 MP: 7/7
   374 | D        | Noticed a merfolk
   389 | D        | Killed a merfolk
   390 | D        | Reached skill level 5 in Dodging
   670 | D        | Noticed Purgy
   688 | D        | Killed Purgy
   689 | D        | Reached XP level 8. HP: 56/56 MP: 8/8
   793 | D        | Noticed a naga mage
   793 | D        | Noticed a naga warrior
   793 | D        | Noticed a naga ritualist
   804 | D        | Reached ***** piety under Sif Muna
   804 | D        | Identified Sif Muna's First Steps in Thaumaturgy (Sif Muna
                  | gifted it to you in the Dungeon)
   804 | D        | Received a gift from Sif Muna
   815 | D        | Killed a naga mage
   816 | D        | Reached skill level 10 in Shields
   837 | D        | Killed a naga warrior
   838 | D        | Reached skill level 10 in Fighting
   838 | D        | Reached skill level 10 in Maces & Flails
   838 | D        | Reached XP level 9. HP: 30/62 MP: 9/9
   846 | D        | Killed a naga ritualist
   847 | D        | Reached skill level 10 in Armour
  1146 | D        | Learned a level 1 spell: Sandblast
  1190 | D        | Noticed Eustachio
  1221 | D        | Killed Eustachio
  1222 | D        | Identified Piux's Handbook of Beguiling and Creation (Sif
                  | Muna gifted it to you in the Dungeon)
  1222 | D        | Received a gift from Sif Muna
  1392 | D        | Noticed a hellwing
  1392 | D        | Noticed Urug
  1392 | D        | Noticed a manticore
  1392 | D        | Noticed a sea snake
  1403 | D        | Killed a sea snake
  1404 | D        | Reached skill level 1 in Spellcasting
  1404 | D        | Reached XP level 10. HP: 68/68 MP: 9/12
  1418 | D        | Reached skill level 5 in Earth Magic
  1439 | D        | Killed Urug
  1439 | D        | Identified Sif Muna's Almanac of Companions (Sif Muna
                  | gifted it to you in the Dungeon)
  1439 | D        | Received a gift from Sif Muna
  1439 | D        | HP: 1/69 [manticore (13)]
  1441 | D        | Killed a manticore
  1656 | D        | Noticed a vampire mage
  1679 | D        | Killed a vampire mage
  2071 | D        | Noticed a flayed ghost
  2072 | D        | Noticed a sea snake
  2091 | D        | Killed a flayed ghost
  2091 | D        | Identified Sif Muna's Incunabulum of Arcane Weapons and
                  | Transformation (Sif Muna gifted it to you in the Dungeon)
  2091 | D        | Received a gift from Sif Muna
  2092 | D        | Reached XP level 11. HP: 58/76 MP: 16/16
  2111 | D        | Killed a sea snake
  2112 | D        | Reached skill level 10 in Dodging
  2265 | D        | Learned a level 3 spell: Stone Arrow
  2271 | D        | Learned a level 5 spell: Bolt of Magma
  2277 | D        | Noticed a nagaraja
  2300 | D        | HP: 3/76 [nagaraja (1)]
  2312 | D        | HP: 1/76 [nagaraja (7)]
  2314 | D        | Slain by a nagaraja

Illustrated notes

Levels and vault maps discovered:
D:        pitsprint [storerooms_1, entrance_room_1, metal_vault_3, armoury_1,
          mini_pit_1, grid_room_1, main_hall_1, silver_pit, the_coven_1,
          the_vestibule_1, steel_vault_1, golden_pit, hallway_of_sentries,
          crystal_vault_4, iron_vault_1, final_vault]

Skill      XL: |  1  2  3  4  5  6  7  8  9 10 11 |
---------------+----------------------------------+-----
Fighting       | 6 7 8 9 10 11 12 | 12.2
Maces & Flails | 3 4 6 8 10 11 12 13 | 13.0
Armour         | 6 7 8 9 10 11 | 11.2
Shields        | 6 7 8 9 11 12 13 | 13.4
Dodging        | 2 4 5 7 8 9 10 | 10.2
Spellcasting   | 1 3 |  3.8
Earth Magic    | 3 7 |  7.7

Action                   |  1- 3 |  4- 6 |  7- 9 | 10-12 || total
-------------------------+-------+-------+-------+-------++-------
Melee: Flail             |     4 |    35 |       |       ||    39
       Mace              |       |    40 |    73 |       ||   113
       Morningstar       |       |       |    51 |   157 ||   208
  Use: Potion            |       |       |     8 |     6 ||    14
 Stab: Invisible         |       |       |       |    12 ||    12
Armor: Scale mail        |       |    33 |       |       ||    33
       Plate armour      |       |    28 |    40 |       ||    68
       Ring mail         |       |       |    26 |    59 ||    85
Dodge: Dodged            |       |    33 |    32 |    67 ||   132
Block: Kite shield       |       |    53 |    75 |    89 ||   217

Table legend: (Time is in decaauts)
 A = Elapsed time spent in this place.
 B = Non-inter-level travel time spent in this place.
 C = Inter-level travel time spent in this place.
 D = Time resting spent in this place.
 E = Time spent auto-exploring this place.
 F = Levels seen in this place.
 G = Mean time per level.
                   A        B        C        D        E       F      G
               +--------+--------+--------+--------+--------+-----+--------+
         Total |   2331 |   2331 |      0 |   1403 |      0 |   1 | 2331.0 |
       Dungeon |   2331 |   2331 |      0 |   1403 |      0 |   1 | 2331.0 |
               +--------+--------+--------+--------+--------+-----+--------+

Top non-repeatable levels by time:
       D: 2331 daAuts
